Map: Ruins of Seras

Players

Troll

  • Race: Protoss Protoss
  • League: Bronze

wabbajack - Winner!

  • Race: Zerg Zerg
  • League: Bronze

VOD

Have the link to the VOD?

Description

Time

  • Played on: July 16, 2015, 6:02 p.m.
  • Length: 11:19
Show
View Real Time Build Order
Export as new Build Order

Troll Protoss 

Build Orders: Nexus First 

Get SALT Encoding   

  12  0:01  Probe  
  13  0:27  Pylon  
  13  0:33  Probe  
  14  0:47  Probe  
  15  1:00  Nexus  
  15  1:02  Probe  
  16  1:15  Gateway  
  16  1:18  Probe (Chrono Boost)  
  17  1:24  Assimilator  
  17  1:28  Probe (Chrono Boost)  
  18  1:35  Probe  
  19  1:47  Probe  
  20  1:57  Gateway  
  20  2:04  Cybernetics Core, Zealot (Chrono Boost)  
  22  2:13  Probe (Chrono Boost)  
  23  2:21  Probe (Chrono Boost)  
  24  2:25  Probe (Chrono Boost)  
  25  2:32  Probe (Chrono Boost)  
  25  2:33  Probe (Chrono Boost)  
  27  2:37  Assimilator  
  27  2:39  Probe  
  27  2:41  Warp Gate  
  27  2:42  Probe  
  29  2:51  Probe (Chrono Boost)  
  29  2:57  Probe (Chrono Boost)  
  31  3:00  Adept  
  31  3:01  Pylon  
  31  3:03  Probe (Chrono Boost)  
  34  3:08  Probe (Chrono Boost)  
  34  3:12  Assimilator  
  35  3:23  Probe (Chrono Boost)  
  35  3:24  Probe (Chrono Boost)  
  38  3:35  Probe x2 (Chrono Boost)  
  39  3:43  Mothership Core  
  39  3:45  Pylon  
  39  3:47  Probe  
  42  3:59  Probe  
  43  4:03  Adept x2  
  43  4:08  Pylon  
  43  4:09  Pylon  
  47  4:12  Gateway  
  47  4:14  Gateway  
  47  4:16  Gateway  
  47  4:19  Gateway  
  47  4:23  Pylon  
  47  4:27  Probe  
  48  4:31  Twilight Council  
  48  4:38  Forge  
  48  4:53  Pylon  
  48  4:56  Pylon  
  48  5:00  Pylon  
  48  5:03  Pylon  
  37  5:20  Zealot x2  
  34  5:29  Stalker  
  34  5:30  Stalker x2  
  40  5:45  Zealot x3  
  46  5:58  Adept  
  46  5:59  Adept  
  46  6:04  Sentry x2  
  42  6:28  Probe (Chrono Boost)  
  42  6:31  Probe (Chrono Boost)  
  42  6:32  Sentry  
  46  6:33  Sentry x3  
  46  6:38  Probe (Chrono Boost)  
  54  6:41  Probe (Chrono Boost)  
  54  6:52  Probe (Chrono Boost)  
  55  6:57  Zealot  
  55  7:00  Probe (Chrono Boost)  
  59  7:10  Probe (Chrono Boost)  
  59  7:14  Zealot x2  
  64  7:25  Probe (Chrono Boost)  
  40  7:52  Stalker  
  40  7:57  Zealot  
  39  8:04  Probe (Chrono Boost)  
  36  8:08  Probe (Chrono Boost)  
  37  8:16  Probe (Chrono Boost)  
  37  8:18  Probe (Chrono Boost)  
  39  8:24  Probe (Chrono Boost)  
  39  8:27  Probe (Chrono Boost)  
  42  8:34  Probe (Chrono Boost)  
  42  8:35  Probe (Chrono Boost)  
  42  8:39  Stalker  
  45  8:42  Probe (Chrono Boost)  
  45  8:46  Probe (Chrono Boost)  
  47  8:54  Probe (Chrono Boost)  
  48  9:00  Probe (Chrono Boost)  
  48  9:02  Probe (Chrono Boost)  
  50  9:10  Stalker x2  
  50  9:11  Probe  
  55  9:24  Assimilator  
  55  9:31  Cybernetics Core  
  55  9:39  Photon Cannon x2  
  51  10:00  Zealot x4  
  49  10:30  Adept x2  
  49  10:31  Adept  
  55  10:42  Sentry  
Show
View Real Time Build Order
Export as new Build Order

wabbajack Zerg - Winner!

Build Orders: Hatch First 

Get SALT Encoding   

  12  0:01  Drone  
  13  0:15  Overlord  
  13  0:19  Drone  
  14  0:34  Drone x2  
  16  0:39  Drone  
  17  0:56  Hatchery  
  16  1:00  Drone  
  16  1:02  Drone  
  18  1:05  Extractor  
  18  1:11  Drone  
  18  1:22  Spawning Pool  
  17  1:25  Drone  
  17  1:32  Drone  
  19  2:00  Overlord  
  19  2:02  Drone  
  20  2:09  Queen  
  20  2:10  Zergling x2  
  20  2:11  Queen  
  20  2:13  Metabolic Boost  
  25  2:20  Drone x2  
  25  2:22  Drone  
  28  2:26  Drone  
  29  2:31  Drone  
  30  2:41  Drone x2  
  32  2:47  Queen  
  34  2:57  Baneling Nest  
  33  3:03  Zergling x4  
  35  3:15  Pneumatized Carapace  
  35  3:22  Overlord  
  35  3:23  Overlord  
  35  3:32  Overlord  
  35  3:44  Zergling x6  
  38  3:49  Hatchery  
  38  3:52  Baneling x2  
  37  4:07  Drone  
  37  4:08  Drone x11  
  49  4:27  Baneling x2  
  49  4:36  Lair  
  49  4:38  Extractor  
  48  4:40  Roach Warren, Queen  
  48  4:42  Extractor  
  48  4:44  Extractor  
  45  5:20  Zergling x6  
  48  5:21  Zergling x2  
  48  5:22  Zergling x4  
  48  5:26  Overlord  
  48  5:27  Overlord x2  
  48  5:28  Drone x7  
  52  5:32  Roach x5  
  52  5:33  Roach  
  63  6:08  Baneling x2  
  63  6:17  Baneling x4  
  61  6:33  Overlord x2  
  61  6:36  Roach  
  61  6:37  Roach x10  
  61  6:38  Overlord, Hydralisk Den  
  61  6:39  Overlord x3  
  81  6:50  Roach  
  81  6:52  Roach x2  
  81  6:53  Roach  
  89  6:56  Hatchery  
  89  7:00  Glial Reconstitution  
  79  7:49  Hydralisk x2  
  79  7:50  Hydralisk x5, Roach x5  
  79  7:51  Roach x3  
  100  8:07  Zergling x6  
  100  8:08  Zergling x2  
  104  8:13  Muscular Augments  
  104  8:17  Evolution Chamber  
  104  8:18  Evolution Chamber  
  102  8:36  Hatchery  
  101  8:46  Zerg Missile Weapons Level 1, Zerg Ground Armor Level 1  
  101  8:56  Hatchery  
  101  8:59  Burrow  
  100  9:03  Tunneling Claws  
  100  9:10  Lurker Den  
  94  9:31  Drone  
  94  9:32  Drone x5  
  94  9:33  Drone x3  
  85  10:12  Roach x4  
  73  10:21  Drone x5  
  72  10:22  Drone  
  75  10:29  Infestation Pit  
  75  10:35  Hydralisk x6, Roach x2  
  82  10:36  Roach x10  
  104  10:54  Roach x3  
Tags
 
Add a new tag
Caveats
  • Supply blocks, unpowered buildings, or Contaminate may cause inaccurate times.
  • Supply counts are checked every 10 seconds.